 Dungeon Crawl Stone Soup version 0.24-a0-84-g25a2d9f (webtiles) character file.

Game seed: 4728915574564768259

3236 galech the Cleaver (level 9, -1/103 HPs)
             Began as a Demonspawn Fighter on Feb 7, 2019.
             Was a Follower of Okawaru.
             Slain by a killer bee (4 damage)
             ... on level 8 of the Dungeon.
             The game lasted 00:17:21 (11861 turns).

galech the Cleaver (Demonspawn Fighter)            Turns: 11861, Time: 00:17:23

Health: -1/103     AC: 24    Str: 17    XL:     9   Next: 66%
Magic:  0/9        EV:  2    Int:  9    God:    Okawaru [*.....]
Gold:   478        SH: 10    Dex: 16    Spells: 8/8 levels left

rFire    . . .     SeeInvis .   a - +0 war axe
rCold    . . .     Gourm    .   c - +0 shield
rNeg     + + +     Faith    .   (armour currently unavailable)
rPois    +         Spirit   +   (helmet currently unavailable)
rElec    .         Reflect  .   (cloak currently unavailable)
rCorr    .         Harm     .   (gloves currently unavailable)
MR       .....     NoTele   +   (boots currently unavailable)
Stlth    ++++......             (no amulet)
HPRegen  0.27/turn              h - ring of stealth
MPRegen  0.22/turn              t - ring of stealth

@: lethally poisoned (-1 -> -3), tree-form
A: powered by pain 1, magic shield, magic regeneration
a: Heroism, Renounce Religion


You were on level 8 of the Dungeon.
You worshipped Okawaru.
Okawaru was aware of your devotion.
You were not hungry.
You were a tree.
You visited 2 branches of the dungeon, and saw 9 of its levels.

You collected 478 gold pieces.

Inventory:

Hand Weapons
 a - a +0 war axe (weapon)
 i - a +1 falchion of flaming
 w - a +1 trident of flaming
Armour
 c - a +0 shield (worn)
 g - a +0 cloak (melded)
 s - a +0 plate armour (melded)
 u - a +1 leather armour of poison resistance
Jewellery
 h - a ring of stealth (left branch)
 j - a +4 ring of intelligence
 m - an uncursed ring of fire
 t - a ring of stealth (right branch)
 A - an uncursed amulet of harm {unknown}
Wands
 b - a wand of iceblast (8)
 v - a wand of polymorph (9)
Scrolls
 e - 2 scrolls of amnesia
 l - 2 scrolls of identify
 n - 4 scrolls of fog
 o - 2 scrolls of remove curse
 y - a scroll of enchant weapon
 z - 2 scrolls of magic mapping {unknown}
 C - 3 scrolls of enchant armour {unknown}
Potions
 d - a potion of might
 k - 3 potions of lignification
 p - a potion of flight {unknown}
 q - a potion of mutation {unknown}
 r - 3 potions of ambrosia {unknown}
 x - a potion of agility
Comestibles
 f - 20 rations
 D - 4 chunks of flesh


   Skills:
 + Level 6.1 Fighting
 + Level 8.1 Axes
 + Level 6.2 Armour
 + Level 2.6 Dodging
 + Level 1.0 Stealth
 + Level 6.0 Shields


You had 8 spell levels left.
You didn't know any spells.
Your spell library was empty.

Dungeon Overview and Level Annotations

Branches:
Dungeon (8/15)             Temple (1/1) D:7
   Lair: D:8-11

Altars:
Cheibriados
Elyvilon
Fedhas
Nemelex Xobeh
Okawaru
Qazlal
Ru
Xom
Zin
Beogh

Shops:
D:4 =(*   D:5 *   D:7 [   D:8 *

Annotations:
D:3 3 runed translucent doors, Phart's ghost, amateur DrCj


Innate Abilities, Weirdness & Mutations

((You have a pair of antennae on your head.))
You sometimes gain a little power by taking damage.
When hurt, damage is shared between your health and your magic reserves.
You regenerate magic rapidly.


Message History

You closely miss the killer bee.
The killer bee is lightly wounded.
You feel sick. The killer bee stings you.
* * * LOW HITPOINT WARNING * * *
The killer bee stings you.
* * * LOW HITPOINT WARNING * * *
Your shield and plate armour prevent you from hitting the killer bee.
You feel sick. You block the killer bee's attack. The killer bee stings you.
* * * LOW HITPOINT WARNING * * *
The killer bee stings you but does no damage.
Unknown command.
Really quaff the potion of lignification?
You turn into a tree.
Your +0 cloak melds into your body.
Your +0 plate armour melds into your body.
Your roots penetrate the ground.
* * * LOW HITPOINT WARNING * * *
You feel sick.
The killer bee stings you but does no damage.
The killer bee stings you.
You die...

#...############ #.#......
#...# #.#.#.### #...#
##########((...... ##.##
#......).(######## # .#
#.######### # . # #.# .## # #.#
.. #.# ######### ..##########
#♣# ####..#..... ...........#
#y# #.....#.....
...##.#....###.#####÷##.##.....
#. ###..y.........##........ #y
#...#######.######..... #. { {
##.## #..# #..... # { { #.#
##.#####..... { #.#
####.....#####. #.#
#........#..##.


You could see a killer bee.

Vanquished Creatures
  A hippogriff (D:8)
  Eustachio (D:6)
  An orc warrior (D:7)
  2 sky beasts
  A phantom (D:6)
  An ice beast (D:7)
  A black bear (D:7)
  An ogre (D:6)
  A centaur (D:8)
  A bullfrog (D:6)
  3 big kobolds
  Blork the orc (D:6)
  2 scorpions
  5 killer bees
  A howler monkey (D:4)
  3 crimson imps
  2 jellies
  A bullfrog zombie (D:8)
  Crazy Yiuf (D:6)
  5 orc priests
  5 hounds
  2 bullfrog skeletons (D:8)
  7 orc wizards
  A centaur skeleton (D:4)
  4 iguanas
  6 worker ants
  A hound zombie (D:5)
  A hound skeleton (D:2)
  A worker ant zombie (D:7)
  20 gnolls
  7 adders
  2 shadow imps
  An ooze (D:2)
  3 worms
  3 dart slugs
  6 leopard geckos
  21 orcs
  7 bats
  5 giant cockroaches
  32 goblins
  23 hobgoblins
  4 jackals
  2 quokkas
  3 ball pythons
  3 frilled lizards
  11 kobolds
  6 rats
222 creatures vanquished.

Vanquished Creatures (others)
  An ogre (D:6)
  A worker ant (D:6)
  An orc (D:6)
  A giant cockroach (D:6)
  A ball python (D:6)
5 creatures vanquished.

Grand Total: 227 creatures vanquished

Notes
Turn   | Place    | Note
-------+----------+-------------------------------------------
     0 | D:1      | galech the Demonspawn Fighter began the quest for the Orb.
     0 | D:1      | Reached XP level 1. HP: 18/18 MP: 1/1
   115 | D:1      | Reached skill level 2 in Axes
   115 | D:1      | Gained mutation: When hurt, damage is shared between your
                  | health and your magic reserves. [demonic ancestry]
   115 | D:1      | Reached XP level 2. HP: 22/24 MP: 2/2
   856 | D:2      | Reached XP level 3. HP: 21/29 MP: 1/3
  1322 | D:2      | Gained mutation: You sometimes gain a little power by
                  | taking damage. [demonic ancestry]
  1322 | D:2      | Reached XP level 4. HP: 29/35 MP: 2/4
  1501 | D:2      | Reached skill level 3 in Axes
  1658 | D:2      | Gained mutation: You have a pair of small antennae on your
                  | head. [demonic ancestry]
  1658 | D:2      | Reached XP level 5. HP: 41/41 MP: 5/5
  2191 | D:3      | Found a runed translucent gate.
  2191 | D:3      | Noticed Phart's ghost (amateur DrCj)
  2192 | D:3      | Found a runed translucent gate.
  2193 | D:3      | Found a runed translucent gate.
  2195 | D:3      | Found a roughly hewn altar of Beogh.
  3507 | D:4      | Found a sparkling altar of Nemelex Xobeh.
  3507 | D:4      | Found a shimmering altar of Xom.
  3535 | D:4      | Found Usmammu's Jewellery Emporium.
  3549 | D:4      | Gained mutation: You regenerate magic rapidly. [demonic
                  | ancestry]
  3549 | D:4      | Reached XP level 6. HP: 48/48 MP: 6/6
  4043 | D:4      | Found Nurink's Assorted Antiques.
  4167 | D:4      | Found a blossoming altar of Fedhas.
  4391 | D:4      | Found Nuyxit's Weapon Emporium.
  4688 | D:4      | Reached skill level 4 in Axes
  4688 | D:4      | Reached skill level 1 in Dodging
  5028 | D:4      | Gained mutation: You have a pair of antennae on your head.
                  | [demonic ancestry]
  5028 | D:4      | Reached XP level 7. HP: 22/54 MP: 7/7
  6238 | D:4      | Reached skill level 5 in Axes
  6477 | D:5      | Entered Level 5 of the Dungeon
  6506 | D:5      | Identified the +4 trident "Arphonget" {speed, +Blink +Inv
                  | Int+2}
  7424 | D:5      | Found Deur's Desiderata Depot.
  7494 | D:5      | Reached XP level 8. HP: 49/61 MP: 6/8
  8113 | D:6      | Noticed Blork the orc
  8341 | D:6      | Killed Blork the orc
  8341 | D:6      | Reached skill level 5 in Shields
  8390 | D:6      | Found a glowing silver altar of Zin.
  8394 | D:6      | Found a shimmering altar of Xom.
  8429 | D:6      | Reached skill level 6 in Axes
  8608 | D:6      | Noticed Eustachio
  8660 | D:7      | Reached skill level 1 in Stealth
  8822 | D:6      | Killed Eustachio
  8822 | D:6      | Reached skill level 5 in Fighting
  8966 | D:6      | Reached skill level 5 in Armour
  9141 | D:6      | Found a runed translucent door.
  9142 | D:6      | Noticed Crazy Yiuf
  9164 | D:6      | Killed Crazy Yiuf
  9781 | D:7      | Reached skill level 7 in Axes
  9781 | D:7      | Reached XP level 9. HP: 64/68 MP: 9/9
  9919 | D:7      | Found Utunuhim's Antique Armour Shoppe.
 10277 | D:7      | Found a staircase to the Ecumenical Temple.
 10301 | Temple   | Entered the Ecumenical Temple
 10363 | Temple   | Became a worshipper of Warmaster Okawaru
 11370 | D:8      | Reached * piety under Okawaru
 11693 | D:8      | Found Yteteynu's Assorted Antiques.
 11731 | D:8      | Found a snail-covered altar of Cheibriados.
 11825 | D:8      | Reached skill level 8 in Axes
 11860 | D:8      | HP: 2/69 [killer bee (5)]
 11861 | D:8      | Slain by a killer bee

Levels and vault maps discovered:

Skill      XL: |  1  2  3  4  5  6  7  8  9 |
---------------+----------------------------+-----
Axes           | 2 3 4 5 7 8 |  8.1
Shields        | 3 4 5 6 |  6.0
Armour         | 3 4 5 6 |  6.2
Fighting       | 4 5 6 |  6.1
Dodging        | 1 2 |  2.6
Stealth        | 1 |  1.0

Action                   |  1- 3 |  4- 6 |  7- 9 || total
-------------------------+-------+-------+-------++-------
Melee: War axe           |    88 |   259 |   655 ||  1002
Invok: Heroism           |       |       |     2 ||     2
  Use: Scroll            |       |     4 |     4 ||     8
       Potion            |       |     1 |    17 ||    18
 Stab: Sleeping          |       |     2 |       ||     2
  Eat: Chunk             |     1 |    13 |    19 ||    33
       Ration            |       |       |     1 ||     1
Armor: Scale mail        |    34 |    85 |    61 ||   180
       Leather armour    |       |    34 |    27 ||    61
       Chain mail        |       |       |    54 ||    54
       Skin              |       |       |     3 ||     3
       Plate armour      |       |       |   228 ||   228
Dodge: Dodged            |    22 |   107 |   187 ||   316
Block: Shield            |    50 |   165 |   372 ||   587

Table legend:
 A = Non-vault XP
 B = Vault XP
 C = Vault XP percentage of total XP
 D = Non-vault monster count
 E = Vault monster count
 F = Vault count percentage of total count
                 A         B        C        D         E       F
            +---------+---------+-------+---------+---------+-------
      Total |    3360 |    1263 |  27.3 |     147 |      75 |  33.8
            +---------+---------+-------+---------+---------+-------
        D:1 |      39 |       0 |   0.0 |      21 |       0 |   0.0
        D:2 |     235 |       0 |   0.0 |      27 |       0 |   0.0
        D:3 |     196 |      97 |  33.1 |      23 |       2 |   8.0
        D:4 |     149 |     410 |  73.3 |      10 |      61 |  85.9
        D:5 |     370 |       0 |   0.0 |      19 |       0 |   0.0
        D:6 |     596 |     398 |  40.0 |      12 |       5 |  29.4
        D:7 |     640 |     100 |  13.5 |      10 |       3 |  23.1
        D:8 |    1041 |     258 |  19.9 |      22 |       4 |  15.4
     Temple |      94 |       0 |   0.0 |       3 |       0 |   0.0
            +---------+---------+-------+---------+---------+-------
